AoeStats
← Emmayel

Oasis

503034045Analyzed
3v3 RM · 1mo ago on Aug 30, 2026· 18m 32s· 6 players
Game mode
Random Map
Map size
Normal (6 player)
Population
200
Speed
Normal
Resources
Standard
Victory
Conquest
Starting age
Dark Age
Ending age
Dark Age
RankedLock teamsTeams togetherTeam positionsShared explorationLock speedFull tech treeHidden civsTurbo modeCheats
Victory
Defeat
🇳🇿 Bulgarians · New Zealand
1471
+13
🇨🇦 Magyars · Canada
1412
+16
🇺🇸 Slavs · United States
1395
+17
🇨🇦 Bohemians · Canada
1463
-18
🇺🇸 Teutons · United States
1395
-15
🇨🇦 Spanish · Canada
1371
-13
Stebz13
11:27 Feudal Age
15:53 Castle Age
13:52 Double-Bit Axe
14:10 Horse Collar
16:31 Wheelbarrow
15:41 Town Watch
Emmayel
8:10 Loom
10:54 Feudal Age
11:00 Feudal Age
15:48 Castle Age
13:45 Double-Bit Axe
14:13 Horse Collar
16:49 Fletching
nachehab
4:26 Loom
13:07 Feudal Age
Biodox
3:20 Loom
12:57 Feudal Age
13:00 Man-at-Arms
13:36 Double-Bit Axe
13:31 Horse Collar
18:32 Gold Mining
bobby_steez
3:13 Loom
11:58 Feudal Age
12:51 Horse Collar
13:05 Double-Bit Axe
15:20 Scale Barding Armor
17:55 Bloodlines
ArabianKnight
10:06 Feudal Age
10:39 Double-Bit Axe
10:35 Horse Collar
13:18 Forging
14:43 Loom
Connection lost

Rejoining the realm…

Still unreachable

The connection could not be restored.

Session expired

The server has moved on; the page needs a fresh start.